 Dungeon Crawl Stone Soup version 0.31-a0-702-gf82c85558f (webtiles) character file.

Game seed: 215918234121756958

94 qw the Shooter (level 4, -3/28 HPs)
             Began as a Gargoyle Hunter on Sept 8, 2023.
             Slain by a gnoll
             ... wielding a +0 flail
              (6 damage)
             ... on level 2 of the Dungeon.
             The game lasted 00:00:24 (916 turns).

qw the Shooter (Gargoyle Hunter)                     Turns: 916, Time: 00:00:25

Health: -3/28      AC: 10    Str: 15    XL:     4   Next: 63%
Magic:  4/4        EV: 11    Int:  9    God:
Gold:   90         SH:  0    Dex: 15    Spells: 3/3 levels left

rFire   . . .        Y - +0 shortbow
rCold   . . .        (shield currently unavailable)
rNeg    + . .        d - +0 ring mail
rPois   inf          (no helmet)
rElec   +            (no cloak)
rCorr   .            g - +0 pair of gloves
SInv    .            (no boots)
Will    .....        (no amulet)
Stlth   +            (no ring)
HPRegen 0.24/turn    (no ring)
MPRegen 0.09/turn

%: no passive effects
@: no status effects
A: sickness immunity, AC +3, negative energy resistance 1, electricity
resistance, torment resistance 1, petrification resistance
a: no special abilities


You were on level 2 of the Dungeon.
You visited 1 branch of the dungeon, and saw 2 of its levels.

You collected 90 gold pieces.


Innate Abilities, Weirdness & Mutations

You are immune to sickness and miasma.
Your stone body is resilient. (AC +3)
You are immune to poison.
You resist negative energy. (rN+)
You are resistant to electric shocks. (rElec)
You are resistant to unholy torment.
You are immune to petrification.


   Skills:
 - Level 3.0 Fighting
 + Level 5.1 Ranged Weapons
 - Level 2.0 Armour
 - Level 1.5 Dodging
 - Level 1.1 Stealth


You had 3 spell levels left.
You didn't know any spells.
Your spell library was empty.

Inventory:

Hand Weapons
 Y - a +0 shortbow (weapon)
Armour
 d - a +0 ring mail (worn)
 g - a +0 pair of gloves (worn)
Scrolls
 h - a scroll of identify
Potions
 f - a potion of magic {unknown}

Dungeon Overview and Level Annotations

Branches:
Dungeon (2/15)

Altars:


Message History

You shoot an arrow. The arrow barely misses Robin.
The arrow hits the gnoll but does no damage.
Robin closely misses you. The goblin barely misses you.
Robin barely misses you.
You shoot an arrow. The arrow hits Robin.
Robin is moderately wounded.
You hear a shout!
The goblin hits you with a +0 club.
A goblin comes into view. It is wielding a +0 dagger.
Robin hits you with a +0 club.
You shoot an arrow. The arrow hits Robin.
Robin is heavily wounded.
The goblin hits you but does no damage. Robin closely misses you.
You shoot an arrow. The arrow hits Robin.
Robin is severely wounded.
The hobgoblin no longer looks unusually strong.
The goblin no longer looks unusually strong.
A goblin comes into view. It is wielding a +0 club.
The goblin closely misses you.
A goblin comes into view. It is wielding a +0 club.
Robin hits you but does no damage. The goblin hits you but does no damage.
The goblin moves out of view.
You shoot an arrow. The arrow closely misses Robin.
The arrow hits the gnoll!
The gnoll is heavily wounded.
Robin laughs in a distinctly smug fashion.
Robin throws the goblin at you! The goblin closely misses you.
The goblin barely misses you.
Robin roars a battlecry!
The goblins go into a battle-frenzy!
You hear a shout!
You shoot an arrow. The arrow hits Robin!
You kill Robin!
The goblin no longer looks unusually strong.
The goblin hits you with a +0 club. The goblin closely misses you.
A goblin comes into view. It is wielding a +0 dagger.
You shoot an arrow. The arrow closely misses the gnoll.
The arrow hits the goblin!
You kill the goblin!
The gnoll barely misses you. The goblin barely misses you.
The goblin closely misses you. The gnoll hits you with a +0 flail.
You die...

.. ... #. ###..
#. ...
####.##.#
#.....g%#
...#....##
##..g##
#....g####
#.#..gg@g#
#.###.##g......
#. #.########.
#####.###...###
..............#
#####.#..####.#
........## ..
##......# ##
#......########


You could see a gnoll, a hobgoblin (strong) and 4 goblins.

Vanquished Creatures
  Terence (D:1)
  Robin (D:2)
  2 gnolls (D:2)
  A dart slug (D:1)
  6 ball pythons (D:1)
  3 endoplasms (D:1)
  6 goblins
  4 hobgoblins
  A jackal (D:1)
  4 quokkas
  3 bats (D:1)
  A kobold (D:1)
  2 rats (D:1)
35 creatures vanquished.

Notes
Turn   | Place    | Note
-------+----------+-------------------------------------------
     0 | D:1      | qw the Gargoyle Hunter began the quest for the Orb.
     0 | D:1      | Reached XP level 1. HP: 12/12 MP: 1/1
     0 | D:1      | 0 ||| qw: Version: 0.3-a-76-g4403597
     0 | D:1      | 0 ||| qw: Game counter: 1205
     0 | D:1      | 0 ||| qw: Melee chars always use a shield: true
     0 | D:1      | 0 ||| qw: God list: Okawaru
     0 | D:1      | 0 ||| qw: Allow faded altars: false
     0 | D:1      | 0 ||| qw: Do Orc after clearing Dungeon:15 true
     0 | D:1      | 0 ||| qw: Do second Lair branch before Depths: true
     0 | D:1      | 0 ||| qw: Lair rune preference: random
     0 | D:1      | 0 ||| qw: Goals: Normal
     0 | D:1      | 0 ||| PLANNING D:1-11
   143 | D:1      | Reached XP level 2. HP: 17/17 MP: 2/2
   365 | D:1      | Reached XP level 3. HP: 21/21 MP: 3/3
   496 | D:1      | Reached skill level 5 in Ranged Weapons
   690 | D:1      | 690 ||| UPGRADING to +0 ring mail.
   700 | D:1      | 700 ||| DROPPING +0 leather armour.
   701 | D:1      | 701 ||| UPGRADING to +0 pair of gloves.
   706 | D:1      | 706 ||| READING scroll labelled OGAK XADITA.
   710 | D:1      | 710 ||| READING 2 scrolls labelled CIGIAL TUNKUNN.
   711 | D:1      | 711 ||| READING scroll labelled JEM ANKOUGHEUH.
   712 | D:1      | 712 ||| DROPPING scroll of butterflies.
   739 | D:2      | Noticed Terence
   746 | D:2      | 746 ||| STAIRDANCE
   750 | D:1      | Killed Terence
   857 | D:2      | Reached XP level 4. HP: 27/27 MP: 4/4
   883 | D:2      | Noticed Robin
   884 | D:2      | 884 ||| Stepping ~*~*~tactically~*~*~ (retreating).
   898 | D:2      | 898 ||| Stepping ~*~*~tactically~*~*~ (retreating).
   899 | D:2      | 899 ||| Stepping ~*~*~tactically~*~*~ (retreating).
   900 | D:2      | 900 ||| Stepping ~*~*~tactically~*~*~ (retreating).
   903 | D:2      | 903 ||| Stepping ~*~*~tactically~*~*~ (retreating).
   908 | D:2      | Reached skill level 3 in Fighting
   911 | D:2      | HP: 6/28 [goblin/+0 club[Robin] (5)]
   915 | D:2      | Killed Robin
   916 | D:2      | Slain by a gnoll

Levels and vault maps discovered:
D:1:      dpeg_arrival_brainrot, layout_basic, minmay_octomino_j4
D:2:      layout_rooms, grunt_ministairs_3, minivault_4, uniq_terence,
          uniq_robin

Skill      XL: |  1  2  3  4 |
---------------+-------------+-----
Ranged Weapons | 5 |  5.1
Armour         | 2 |  2.0
Fighting       | 3 |  3.0
Dodging        | |  1.5
Stealth        | |  1.1

Action                     |  1- 3 |  4- 6 || total
---------------------------+-------+-------++-------
  Melee: Unarmed           |     2 |       ||     2
   Fire: Shortbow          |    75 |    36 ||   111
    Use: Scroll            |     3 |       ||     3
 Armour: Leather armour    |    22 |       ||    22
         Ring mail         |     4 |    36 ||    40
  Dodge: Dodged            |    26 |    42 ||    68

Table legend:
 A = Non-vault XP
 B = Vault XP
 C = Vault XP percentage of total XP
 D = Non-vault monster count
 E = Vault monster count
 F = Vault count percentage of total count
                 A         B        C        D         E       F
            +---------+---------+-------+---------+---------+-------
      Total |      77 |      60 |  43.8 |      29 |       6 |  17.1
            +---------+---------+-------+---------+---------+-------
        D:1 |      39 |      40 |  50.6 |      22 |       3 |  12.0
        D:2 |      38 |      20 |  34.5 |       7 |       3 |  30.0
            +---------+---------+-------+---------+---------+-------
